 Dungeon Sprint DCSS version 0.31-a0-544-gceb718ecc6 (webtiles) character file.

Game seed: 7733385097610966774

398 rocky1 the Grappler (level 6, -22/38 HPs)
             Began as an Octopode Shapeshifter on Aug 16, 2023.
             Was an Initiate of Gozag.
             Annihilated by a two-headed ogre
             ... wielding a +0 dire flail
              (23 damage)
             ... in the Dungeon (Sprint IX: "|||||||||||||||||||||||||||||").
             The game lasted 00:01:03 (261 turns).

rocky1 the Grappler (Octopode Shapeshifter)          Turns: 261, Time: 00:01:04

Health: -22/38     AC:  1    Str: 16    XL:     6   Next: 83%
Magic:  6/6        EV: 17    Int: 10    God:    Gozag
Gold:   126        SH:  0    Dex: 16    Spells: 5/5 levels left

rFire   . .          .
                       - Unarmed
rCold   . . .        (no shield)
rNeg    . . .        (helmet currently unavailable)
rPois   .            (no amulet)
rElec   .            n - +3 ring of dexterity
rCorr   .            m - +2 ring of evasion
SInv    .            (no ring)
Will    .....        (no ring)
Stlth   +++          (no ring)
HPRegen 0.26/turn    (no ring)
MPRegen 0.10/turn    (no ring)
                     (no ring)

%: no teleportation
@: beast-form
A: beast (slay +4), almost no armour, amphibious, 8 rings, camouflage 1,
gelatinous body 1, (nimble swimmer 1), tentacles
a: Begin Untransformation, Renounce Religion, Potion Petition, Call Merchant,
Bribe Branch


You were in the Dungeon.
You worshipped Gozag.
Gozag was aware of your devotion.
You were a hulking beast.
You visited 1 branch You collected 126 gold pieces.

Inventory:

Jewellery
 m - a +2 ring of evasion (right tentacle)
 n - a +3 ring of dexterity (left tentacle)
Talismans
 b - a beast talisman (active)
 c - a flux talisman
Wands
 l - a wand of iceblast (8)
Scrolls
 k - 2 scrolls of amnesia
Potions
 a - a potion of lignification
 d - 5 potions of curing
 f - a potion of haste
 g - 4 potions of magic
 h - a potion of berserk rage


   Skills:
 + Level 1.1 Fighting
 + Level 5.3 Dodging
 + Level 2.3 Stealth
 + Level 9.3 Unarmed Combat
 + Level 8.8 Shapeshifting


You had 5 spell levels left.
You didn't know any spells.
Your spell library was empty.

Dungeon Overview and Level Annotations

Branches:
Dungeon (1/1)

Altars:
Cheibriados
Dithmenos
Elyvilon
Fedhas
Gozag
Hepliaklqana
Kikubaaqudgha
Makhleb
Nemelex Xobeh
Okawaru
Qazlal
Ru
Sif Muna
Trog
Uskayaw
Vehumet
Wu Jian
Xom
Yredelemnul
Zin
The Shining One
Jiyva
Lugonu


Innate Abilities, Weirdness & Mutations

You are a hulking beast.
Your limbs bulge with bestial killing power. (Slay +4)
You cannot wear most types of armour.
You are amphibious.
You can wear up to eight rings at the same time.
Your skin changes colour to match your surroundings (Stealth+).
Your rubbery body absorbs attacks. (AC +1, EV +1)
((You are camouflaged when in or above water. (Stealth+)))
You have tentacles for arms and can constrict up to eight enemies at once.


Message History

The centaur is almost dead.
The centaur misses you. The centaur closely misses you.
You bludgeon the centaur!
You kill the centaur!
Your Unarmed Combat skill increases to level 9!
You now have 126 gold pieces.
Items here: ))) ÷÷÷.
Items here: ))) ÷÷÷.
There is an open door, spattered with blood here.
Things that are here:
a +0 whip; a +0 leather armour; a hound skeleton
Okay, then.
Aiming: Iceblast
Press: ? - help, Shift-Dir - straight line, f - two-headed ogre
Aim: a two-headed ogre, wielding a +0 dire flail and a +0 giant club (wandering, hasn't noticed you)
The mass of ice explodes!
The iceblast engulfs the two-headed ogre!
The two-headed ogre is moderately wounded.
The two-headed ogre shouts in stereo!
Aiming: Iceblast
Press: ? - help, Shift-Dir - straight line, f/p - two-headed ogre
Aim: a two-headed ogre, wielding a +0 dire flail and a +0 giant club (moderately wounded)
The mass of ice explodes!
The iceblast engulfs the two-headed ogre!!
The two-headed ogre is heavily wounded.
You barely miss the two-headed ogre. You squeeze the two-headed ogre.
The two-headed ogre is heavily wounded.
You bludgeon the two-headed ogre!
The two-headed ogre is severely wounded.
The two-headed ogre hits you with a +0 dire flail!!
Ouch! That really hurt!
The two-headed ogre hits you with a +0 giant club.
You tentacle-slap the two-headed ogre. You squeeze the two-headed ogre.
The two-headed ogre is almost dead.
The two-headed ogre hits you with a +0 dire flail!
* * * LOW HITPOINT WARNING * * *
The two-headed ogre hits you with a +0 giant club!!
Ouch! That really hurt!
You die...
Your body crumbles into a pile of gold.

▓_▓
▓_▓
▓_▓
▓'▓
▓.▓
▓.▓
▓.▓
▓O▓
▓h▓
▓)▓
▓.▓
▓.▓
▓.▓
▓.▓
▓)▓
▓'▓
▓.▓


You could see a two-headed ogre.

Vanquished Creatures
  A troll (D)
  A centaur (D)
  2 hounds (D)
  An orc priest (D)
  A worm (D)
  A dart slug (D)
  A goblin (D)
  A hobgoblin (D)
  A bat (D)
  A frilled lizard (D)
  A kobold (D)
12 creatures vanquished.

Vanquished Creatures (others)
  A yak (D)
1 creature vanquished.

Grand Total: 13 creatures vanquished

Notes
Turn   | Place    | Note
-------+----------+-------------------------------------------
     0 | D        | rocky1 the Octopode Shapeshifter began the quest for the
                  | Orb.
     0 | D        | Reached XP level 1. HP: 13/13 MP: 1/1
    18 | D        | Noticed a hound
    18 | D        | Noticed an orc priest
    18 | D        | Noticed a hound
    22 | D        | Killed a hound
    23 | D        | Reached skill level 5 in Unarmed Combat
    23 | D        | Reached XP level 2. HP: 9/18 MP: 2/2
    23 | D        | Reached XP level 3. HP: 12/23 MP: 3/3
    27 | D        | Reached skill level 5 in Shapeshifting
    27 | D        | Reached XP level 4. HP: 28/28 MP: 4/4
    34 | D        | Reached skill level 6 in Unarmed Combat
    47 | D        | Found a snail-covered altar of Cheibriados.
    47 | D        | Found a shadowy altar of Dithmenos.
    47 | D        | Found a white marble altar of Elyvilon.
    47 | D        | Found a blossoming altar of Fedhas.
    47 | D        | Found an opulent altar of Gozag.
    48 | D        | Found a hazy altar of Hepliaklqana.
    49 | D        | Found a viscous altar of Jiyva.
    50 | D        | Found an ancient bone altar of Kikubaaqudgha.
    51 | D        | Found a corrupted altar of Lugonu.
    52 | D        | Found a burning altar of Makhleb.
    53 | D        | Found a sparkling altar of Nemelex Xobeh.
    54 | D        | Found an iron altar of Okawaru.
    55 | D        | Became a worshipper of Gozag Ym Sagoz the Greedy
    56 | D        | Found a stormy altar of Qazlal.
    57 | D        | Found a sacrificial altar of Ru.
    58 | D        | Found a shimmering blue altar of Sif Muna.
    59 | D        | Found a bloodstained altar of Trog.
    60 | D        | Found a hide-covered altar of Uskayaw.
    61 | D        | Found a radiant altar of Vehumet.
    62 | D        | Found an ornate altar of the Wu Jian Council.
    63 | D        | Found a shimmering altar of Xom.
    64 | D        | Found a basalt altar of Yredelemnul.
    65 | D        | Found a glowing silver altar of Zin.
    66 | D        | Found a glowing golden altar of the Shining One.
    92 | D        | Noticed a shadow
    92 | D        | Noticed a two-headed ogre
    92 | D        | Noticed an orc warrior
    92 | D        | Noticed a centaur
    92 | D        | Noticed a yak
    92 | D        | Noticed a troll
    96 | D        | Killed a yak
   101 | D        | Killed a troll
   102 | D        | Reached skill level 5 in Dodging
   102 | D        | Reached skill level 8 in Unarmed Combat
   102 | D        | Reached XP level 5. HP: 28/33 MP: 5/5
   102 | D        | Reached XP level 6. HP: 33/38 MP: 6/6
   245 | D        | Reached skill level 9 in Unarmed Combat
   261 | D        | HP: 1/38 [two-headed ogre/+0 dire flail (14)]
   261 | D        | Annihilated by a two-headed ogre

Illustrated notes

Levels and vault maps discovered:
D:        linesprint [early_d, line_temple, items_1, d_10, items_2, lair_1,
          lair_end, items_3, orc_1, orc_end, items_4, d_15, swamp_1, shoals_1,
          snake_1, spider_1, d_20, vaults_1, items_5, swamp_end, shoals_end,
          snake_end, spider_end, vaults_end, d_27, items_6, zot_1, zot_end,
          crypt_end, forest_end, elf_end, slime_end, tomb_end, abyss_end,
          pan_hell_end]

Skill      XL: |  1  2  3  4  5  6 |
---------------+-------------------+-----
Unarmed Combat | 5 8 9 |  9.3
Shapeshifting  | 4 5 8 |  8.8
Dodging        | 5 |  5.3
Stealth        | 2 |  2.3
Fighting       | |  1.1

Action                     |  1- 3 |  4- 6 || total
---------------------------+-------+-------++-------
  Melee: Unarmed           |    15 |    19 ||    34
         Tentacles         |     6 |     9 ||    15
         Constrict         |     4 |     3 ||     7
  Evoke: Wand              |       |     2 ||     2
    Use: Potion            |     1 |     3 ||     4
         Scroll            |       |     2 ||     2
   Stab: Invisible         |       |     1 ||     1
 Armour: Skin              |     1 |     1 ||     2
  Dodge: Dodged            |     6 |    26 ||    32

Table legend: (Time is in decaauts)
 A = Elapsed time spent in this place.
 B = Non-inter-level travel time spent in this place.
 C = Inter-level travel time spent in this place.
 D = Time resting spent in this place.
 E = Time spent auto-exploring this place.
 F = Levels seen in this place.
 G = Mean time per level.
                   A        B        C        D        E       F      G
               +--------+--------+--------+--------+--------+-----+--------+
         Total |    256 |    256 |      0 |    109 |      0 |   1 |  256.0 |
       Dungeon |    256 |    256 |      0 |    109 |      0 |   1 |  256.0 |
               +--------+--------+--------+--------+--------+-----+--------+

Top non-repeatable levels by time:
       D: 256 daAuts
